 Dungeon Crawl Stone Soup version 0.28.0-53-g5a82cb258f (webtiles) character file.

Game seed: 10060329066815790135

452 Godmorgon the Cudgeller (level 6, -12/56 HPs)
             Began as a Minotaur Fighter on Aug 13, 2022.
             Mangled by an ogre
             ... wielding a +0 giant spiked club
              (31 damage)
             ... on level 5 of the Dungeon.
             The game lasted 00:13:45 (3829 turns).

Godmorgon the Cudgeller (Minotaur Fighter)          Turns: 3829, Time: 00:13:46

Health: -12/56     AC: 10    Str: 22    XL:     6   Next: 75%
Magic:  5/5        EV:  9    Int:  5    God:
Gold:   123        SH:  5    Dex: 10    Spells: 5/5 levels left

rFire   . . .      SeeInvis .   a - +0 flail
rCold   . . .      Faith    .   c - +0 buckler
rNeg    . . .      Spirit   .   b - +0 scale mail
rPois   .          Reflect  .   (helmet restricted)
rElec   .          Harm     .   l - +1 cloak
rCorr   .          Rampage  .   k - +0 pair of gloves
Will    .....                   (no boots)
Stlth   ..........              (no amulet)
HPRegen 0.18/turn               (no ring)
MPRegen 0.09/turn               (no ring)

@: no status effects
A: horns 2, retaliatory headbutt
a: no special abilities


You were on level 5 of the Dungeon.
You visited 1 branch of the dungeon, and saw 5 of its levels.

You collected 123 gold pieces.

Inventory:

Hand Weapons
 a - a +0 flail (weapon)
Missiles
 g - 45 stones (quivered)
 i - 3 poisoned darts
 m - 5 boomerangs
Armour
 b - a +0 scale mail (worn)
 c - a +0 buckler (worn)
 k - a +0 pair of gloves (worn)
 l - a +1 cloak (worn)
Scrolls
 f - 2 scrolls of teleportation
 j - 2 scrolls of fear {unknown}
 n - a scroll of vulnerability {unknown}
 o - a scroll of amnesia {unknown}
 p - a scroll of identify {unknown}
 q - a scroll of holy word {unknown}
Potions
 d - a potion of might
 e - a potion of magic {unknown}
 h - 2 potions of curing {unknown}


   Skills:
 + Level 5.0 Fighting
 * Level 5.5 Maces & Flails
 + Level 2.0 Throwing
 + Level 5.2 Armour
 - Level 5.0 Shields


You had 5 spell levels left.
You didn't know any spells.
Your spell library was empty.

Dungeon Overview and Level Annotations

Branches:
Dungeon (5/15)
 Temple: D:4-7

Altars:
Cheibriados
Dithmenos
Trog
Vehumet

Shops:
D:1 =

Annotations:
D:3 1 runed translucent door, Crazy Yiuf
D:4 Edmund, Sigmund


Innate Abilities, Weirdness & Mutations

You have a pair of horns on your head.
You reflexively headbutt those who attack you in melee.


Message History

You see here a +0 halberd.
You block the orc's attack.
You hit the orc but do no damage. You block the orc's attack.
You sock the orc!
You kill the orc!
Items here: ( )) [ †.
You see here a +0 halberd.
m - 5 boomerangs (gained 1)
You see here a +0 short sword.
Things that are here:
a +0 leather armour; a +0 dagger
Things that are here:
a +0 leather armour; a +0 dagger
There is an escape hatch in the ceiling here.
You see here a +0 dagger.
There is a stone staircase leading down here.
You climb downwards.
Found a scroll labelled EGEAT FYIZA.
There is a stone staircase leading up here.
You hit the ogre.
The ogre is lightly wounded.
The ogre barely misses you.
You barely miss the ogre.
The ogre is lightly wounded.
The ogre hits you with a +0 giant spiked club!
You hit the ogre.
The ogre is moderately wounded.
You hit the ogre.
The ogre is moderately wounded.
The ogre closely misses you. You furiously retaliate!
You headbutt the ogre, but do no damage.
You hit the ogre. Your headbutt misses the ogre.
The ogre is heavily wounded.
The ogre hits you with a +0 giant spiked club!!
Ouch! That really hurt!
You barely miss the ogre. Your headbutt misses the ogre.
The ogre is heavily wounded.
The ogre hits you with a +0 giant spiked club!!
Ouch! That really hurt!
You die...

..........
##........##
#..........#
#..........#
#..........#
#...?......#
#..........#
#....O@..#
##......##
########


You could see an ogre.

Vanquished Creatures
  A water moccasin (D:3)
  A jelly (D:3)
  An orc priest (D:4)
  An orc wizard (D:4)
  A mummy (D:4)
  Robin (D:3)
  7 gnolls
  4 adders
  2 adder skeletons
  2 worms (D:2)
  5 dart slugs
  18 orcs
  5 bats
  5 endoplasms
  2 giant cockroaches
  14 goblins
  6 hobgoblins
  3 jackals (D:1)
  2 quokkas
  8 ball pythons
  A frilled lizard (D:1)
  8 kobolds
  7 rats
105 creatures vanquished.

Vanquished Creatures (others)
  4 plants (D:3)
4 creatures vanquished.

Grand Total: 109 creatures vanquished

Notes
Turn   | Place    | Note
-------+----------+-------------------------------------------
     0 | D:1      | Godmorgon the Minotaur Fighter began the quest for the Orb.
     0 | D:1      | Reached XP level 1. HP: 19/19 MP: 0/0
    90 | D:1      | Reached XP level 2. HP: 11/27 MP: 1/1
   454 | D:1      | Found Xyinite's Jewellery Shoppe.
   714 | D:1      | Reached XP level 3. HP: 23/33 MP: 2/2
  1037 | D:2      | Reached XP level 4. HP: 40/40 MP: 3/3
  1124 | D:2      | Found a faded altar of an unknown god.
  1285 | D:2      | You fall into a shaft and drop 1 floor!
  1890 | D:3      | Reached XP level 5. HP: 47/47 MP: 4/4
  1890 | D:3      | Noticed Robin
  1897 | D:3      | Killed Robin
  1983 | D:3      | Found a radiant altar of Vehumet.
  2076 | D:3      | Found a shadowy altar of Dithmenos.
  2122 | D:3      | Reached skill level 1 in Throwing
  2357 | D:3      | Found a bloodstained altar of Trog.
  2515 | D:3      | Found a runed translucent door.
  2516 | D:3      | Noticed Crazy Yiuf
  2965 | D:4      | Noticed a water moccasin
  2992 | D:3      | Killed a water moccasin
  2993 | D:3      | Reached skill level 5 in Maces & Flails
  2993 | D:3      | Reached XP level 6. HP: 26/55 MP: 5/5
  3235 | D:4      | Reached skill level 5 in Armour
  3380 | D:4      | Found a snail-covered altar of Cheibriados.
  3527 | D:4      | Reached skill level 5 in Fighting
  3527 | D:4      | Reached skill level 5 in Shields
  3727 | D:4      | Noticed Sigmund
  3728 | D:4      | Noticed Edmund
  3823 | D:5      | Entered Level 5 of the Dungeon
  3829 | D:5      | Mangled by an ogre

Illustrated notes

Levels and vault maps discovered:
D:1:      wander_arrival_fairy_ring, layout_rooms, serial_shops, shop
D:2:      layout_basic, ebering_ecumenical_altar_box, grunt_ministairs_7
D:3:      layout_basic, nicolae_overflow_hidden_temple,
          mainiacjoe_overflow_cross_hatched, lemuel_doored_altar,
          nicolae_dithmenos_shadow_blocks, serial_forest,
          infiniplex_forest_clump_long, infiniplex_forest_straight_3,
          infiniplex_forest_clump_long, infiniplex_forest_clump_double,
          infiniplex_forest_corner_2, infiniplex_forest_end_2,
          infiniplex_forest_clump_cross, minmay_tree_intersection, st_stairs_5,
          uniq_robin, uniq_crazy_yiuf_cottage
D:4:      layout_loops_ring, slow_altar_1, sigmund_edmund_badplayer
D:5:      layout_rooms, ebering_ghost_disaster_area,
          minmay_misc_feat_four_crosses, uniq_pikel, uniq_sigmund

Skill      XL: |  1  2  3  4  5  6 |
---------------+-------------------+-----
Maces & Flails | 3 4 5 |  5.5
Fighting       | 4 5 |  5.0
Armour         | 4 5 |  5.2
Shields        | 4 5 |  5.0
Throwing       | 1 2 |  2.0

Action                   |  1- 3 |  4- 6 || total
-------------------------+-------+-------++-------
Melee: Flail             |    81 |   159 ||   240
       Headbutt          |     8 |    25 ||    33
Throw: Stone             |       |    13 ||    13
  Use: Potion            |       |     1 ||     1
       Scroll            |       |     1 ||     1
Armor: Scale mail        |    38 |    83 ||   121
Dodge: Dodged            |    51 |    62 ||   113
Block: Buckler           |    15 |    32 ||    47
